 Dungeon Sprint DCSS version 0.15-a0-1206-g3bad1a6 (webtiles) character file.

23900000 Infinimo the Axe Maniac (level 27, 0/247 (249) HPs)
             Began as a Formicid Air Elementalist on June 1, 2014.
             Was the Champion of Makhleb.
             Succumbed to a scourge's bolt of poison
             ... in the Dungeon (Sprint VIII: "Arena of Blood").
             The game lasted 00:05:09 (239 turns).

Infinimo the Axe Maniac (Formicid Air Elementalist)  Turns: 239, Time: 00:05:10

HP   0/247 (249) AC  4     Str 14      XL: 27
MP  50/50        EV 35     Int 18      God: Makhleb [******]
Gold 0           SH  0     Dex 20      Spells:  1 memorised, 79 levels left

rFire  . . .     SeeInvis +     f - +∞ Axe of Woe
rCold  . . .     Clarity  .     a - +0 robe
rNeg   . . .     rCorr    .     (no shield)
rPois  .         rRot     .     (helmet unavailable)
rElec  .         Spirit   .     (no cloak)
SustAb .         Warding  .     (no gloves)
rMut   .         Stasis   +     (no boots)
Gourm  .                        (no amulet)
MR     ++...                    (no ring)
                                (no ring)

@: confused, lethally poisoned, very resistant to hostile enchantments, stealthy
A: permanent stasis, dig shafts and tunnels, four strong arms, antennae 3
a: Dig, Minor Destruction, Lesser Servant of Makhleb, Major Destruction, Greater
Servant of Makhleb, Renounce Religion


You were in the Dungeon.
You worshipped Makhleb.
Makhleb was exalted by your worship.
You were not hungry.

You visited 1 branch

Inventory:

Hand weapons
 f - the +∞,+∞ Axe of Woe (weapon)
   (You found it in the Dungeon)
Armour
 a - a +0 robe (worn)
Potions
 e - a potion of heal wounds
 g - 2 potions of magic
Books
 b - a book of Air

   Spells                             Type                      Level
   *Shock                             Conjuration/Air              1
   Swiftness                          Charms/Air                   2
   Repel Missiles                     Charms/Air                   2
   Flight                             Charms/Air                   3
   Static Discharge                   Conjuration/Air              3
   Lightning Bolt                     Conjuration/Air              5


   Skills:
 O Level 27 Fighting
 O Level 27 Axes
 O Level 27 Throwing
 O Level 27 Armour
 O Level 27 Dodging
 O Level 27 Stealth
 O Level 27 Unarmed Combat
 O Level 27 Spellcasting
 O Level 27 Conjurations
 O Level 27 Air Magic
 O Level 27 Invocations


You had 79 spell levels left.
You knew the following spells:

 Your Spells              Type           Power        Failure   Level  Hunger
a - Shock                 Conj/Air       ####         0%          1    None


Dungeon Overview and Level Annotations

Branches:
Dungeon (1/1)

Altars:
Makhleb

Annotations:
D The Servant


Innate Abilities, Weirdness & Mutations

Your are under a permanent stasis effect.
You can dig through walls and to a lower floor.
Your four strong arms can wield two-handed weapons with a shield.
You have a pair of large antennae on your head (SInv).


Message History

You feel extremely sick.
You hear a shout!
The scourge bites you!!
* * * LOW HITPOINT WARNING * * *
You are more poisoned.
The scourge poisons you!
You are more confused.
You hear a shout! x3
The meat berserker moves out of view.
You hear a shout!
The scourge throws poison at you. The bolt of poison hits you!
You are more poisoned.
* * * LOW HITPOINT WARNING * * *
You hear a shout! 2 great orbs of eyes, a molten gargoyle and a wraith come into view.
Drink which item? (? for menu, Esc to quit)
Okay, then.
Unknown command.
You die...

2. ...... ###.
.S##G#. ..
..........
.####..G.#..W..
.....{{GDOWGo9.
#....{{OSD.....
#..{{pOW{=....
#.##S## #9@#§##
##§.#.# ##..##
###.# #.##
########.##########
#.................#
#.▓▓▓▓▓▓▓▓▓▓▓▓▓▓▓.#
#.▓ { ▓.#


You could see 2 eight-headed meat hydras, 4 observers, 2 scourges, a fleshlord,
2 lost souls, a dread (wandering), 2 viles, 3 meat berserkers and a bag of meat
(wandering).

Vanquished Creatures
  2 greater mummies (D)
  2 hell beasts (D)
  4 hell knights (D)
  5 hill giants (D)
  2 hydras (D)
  3 liches (D)
  26 ogres (D)
  69 orcs (D)
  2 skeletal warriors (D)
  8 vampire knights (D)
  A wraith (D)
  A sea snake (D)
  3 tentacled monstrosities (D)
  A reaper (D)
  3 large abominations (D)
  A soul eater (D)
  3 small abominations (D)
  3 crawling corpses (D)
139 creatures vanquished.

Vanquished Creatures (others)
  2 large abominations (D)
  9 crawling corpses (D)
11 creatures vanquished.

Grand Total: 150 creatures vanquished

Notes
Turn   | Place    | Note
--------------------------------------------------------------
     0 | D        | Infinimo, the Formicid Air Elementalist, began the quest for the Orb.
     0 | D        | Reached XP level 1. HP: 13/13 MP: 3/3
     3 | D        | Noticed a bag of meat
     4 | D        | Became a worshipper of Makhleb the Destroyer
     5 | D        | Noticed a bag of meat
     5 | D        | Noticed a bag of meat
     5 | D        | Noticed a bag of meat
     6 | D        | Killed a bag of meat
     6 | D        | Reached skill level 24 in Axes
     6 | D        | Reached XP level 2. HP: 19/19 MP: 5/5
     6 | D        | Reached XP level 3. HP: 24/24 MP: 7/7
     6 | D        | Reached XP level 4. HP: 30/30 MP: 8/8
     6 | D        | Reached XP level 5. HP: 35/35 MP: 11/11
     6 | D        | Reached XP level 6. HP: 41/41 MP: 12/12
     6 | D        | Reached XP level 7. HP: 46/46 MP: 14/14
     6 | D        | Reached XP level 8. HP: 52/52 MP: 16/16
     6 | D        | Reached XP level 9. HP: 57/57 MP: 18/18
     6 | D        | Reached XP level 10. HP: 63/63 MP: 18/18
     6 | D        | Reached XP level 11. HP: 68/68 MP: 20/20
     7 | D        | Noticed a bag of meat
     7 | D        | Noticed a meat berserker
     8 | D        | Noticed a meat berserker
     9 | D        | Noticed a bag of meat
     9 | D        | Noticed a meat berserker
     9 | D        | Noticed a bag of meat
    10 | D        | Noticed a bag of meat
    10 | D        | Noticed a bag of meat
    10 | D        | Killed a bag of meat
    10 | D        | Acquired Makhleb's first power
    10 | D        | Reached skill level 27 in Axes
    10 | D        | Reached skill level 5 in Dodging
    10 | D        | Reached XP level 12. HP: 73/88 MP: 21/21
    10 | D        | Reached XP level 13. HP: 77/93 MP: 22/22
    10 | D        | Killed a bag of meat
    11 | D        | Noticed a meat berserker
    11 | D        | Killed a meat berserker
    11 | D        | Reached XP level 14. HP: 98/120 MP: 23/23
    12 | D        | Noticed a bag of meat
    12 | D        | Noticed a meat berserker
    12 | D        | Noticed a bag of meat
    13 | D        | Noticed a bag of meat
    13 | D        | Noticed a bag of meat
    13 | D        | Noticed a destroyer
    13 | D        | Killed a bag of meat
    13 | D        | Acquired Makhleb's second power
    13 | D        | Reached XP level 15. HP: 125/131 MP: 24/24
    13 | D        | Killed a bag of meat
    13 | D        | Reached skill level 15 in Dodging
    13 | D        | Killed a meat berserker
    13 | D        | Killed a meat berserker
    13 | D        | Acquired Makhleb's third power
    13 | D        | Reached XP level 16. HP: 142/149 MP: 24/24
    14 | D        | Noticed a bag of meat
    14 | D        | Noticed a meat berserker
    15 | D        | Killed a bag of meat
    15 | D        | Killed a meat berserker
    15 | D        | Killed a bag of meat
    15 | D        | Acquired Makhleb's fourth power
    15 | D        | Reached XP level 17. HP: 161/164 MP: 25/25
    15 | D        | Killed a destroyer
    16 | D        | Noticed a bag of meat
    16 | D        | Noticed a bag of meat
    16 | D        | Noticed a meat berserker
    16 | D        | Killed a bag of meat
    16 | D        | Killed a meat berserker
    16 | D        | Acquired Makhleb's fifth power
    16 | D        | Reached XP level 18. HP: 176/179 MP: 26/26
    17 | D        | Noticed a bag of meat
    17 | D        | Noticed a bag of meat
    18 | D        | Noticed a bag of meat
    18 | D        | Noticed a meat berserker
    18 | D        | Killed a meat berserker
    18 | D        | Killed a bag of meat
    18 | D        | Reached skill level 27 in Fighting
    18 | D        | Reached skill level 27 in Armour
    19 | D        | Noticed a bag of meat
    19 | D        | Noticed a meat berserker
    19 | D        | Noticed a meat berserker
    19 | D        | Killed a bag of meat
    19 | D        | Killed a bag of meat
    19 | D        | Reached skill level 27 in Dodging
    19 | D        | Reached skill level 5 in Stealth
    19 | D        | Reached XP level 19. HP: 189/189 MP: 26/29
    20 | D        | Noticed a bag of meat
    20 | D        | Noticed a meat berserker
    20 | D        | Killed a meat berserker
    20 | D        | Reached skill level 5 in Conjurations
    20 | D        | Reached skill level 5 in Air Magic
    21 | D        | Noticed a destroyer
    21 | D        | Noticed a bag of meat
    21 | D        | Noticed a bag of meat
    21 | D        | Killed a bag of meat
    21 | D        | Reached skill level 10 in Stealth
    22 | D        | Killed a bag of meat
    22 | D        | Killed a destroyer
    22 | D        | Reached skill level 10 in Unarmed Combat
    22 | D        | Reached skill level 10 in Spellcasting
    23 | D        | Noticed a bag of meat
    23 | D        | Noticed a bag of meat
    23 | D        | Noticed a bag of meat
    23 | D        | Killed a bag of meat
    23 | D        | Reached skill level 10 in Throwing
    23 | D        | Reached skill level 10 in Conjurations
    23 | D        | Reached skill level 10 in Air Magic
    23 | D        | Reached XP level 20. HP: 197/197 MP: 26/38
    23 | D        | Killed a meat berserker
    23 | D        | Reached skill level 15 in Stealth
    23 | D        | Killed a bag of meat
    23 | D        | Reached skill level 15 in Invocations
    24 | D        | Noticed a bag of meat
    24 | D        | Killed a meat berserker
    24 | D        | Killed a meat berserker
    24 | D        | Reached skill level 15 in Spellcasting
    25 | D        | Noticed a bag of meat
    25 | D        | Noticed a bag of meat
    25 | D        | Killed a bag of meat
    25 | D        | Reached skill level 15 in Unarmed Combat
    25 | D        | Reached XP level 21. HP: 204/204 MP: 27/41
    25 | D        | Killed a bag of meat
    25 | D        | Killed a meat berserker
    25 | D        | Reached skill level 15 in Conjurations
    25 | D        | Killed a bag of meat
    25 | D        | Reached skill level 15 in Air Magic
    26 | D        | Noticed a meat berserker
    26 | D        | Noticed a meat berserker
    26 | D        | Noticed a bag of meat
    26 | D        | Noticed a bag of meat
    26 | D        | Noticed a bag of meat
    26 | D        | Noticed a bag of meat
    27 | D        | Killed a bag of meat
    27 | D        | Reached skill level 15 in Throwing
    27 | D        | Killed a bag of meat
    28 | D        | Noticed a meat berserker
    28 | D        | Noticed a bag of meat
    28 | D        | Noticed a meat berserker
    28 | D        | Noticed a bag of meat
    28 | D        | Noticed a bag of meat
    29 | D        | Noticed a bag of meat
    29 | D        | Noticed a bag of meat
    29 | D        | Noticed a destroyer
    29 | D        | Noticed a destroyer
    29 | D        | Noticed a meat berserker
    29 | D        | Noticed a large bag of meat
    29 | D        | Killed a bag of meat
    29 | D        | Reached XP level 22. HP: 212/212 MP: 28/44
    29 | D        | Killed a bag of meat
    29 | D        | Killed a bag of meat
    30 | D        | Noticed a bag of meat
    30 | D        | Noticed a large bag of meat
    30 | D        | Killed a bag of meat
    30 | D        | Killed a bag of meat
    30 | D        | Killed a meat berserker
    30 | D        | Killed a bag of meat
    30 | D        | Reached XP level 23. HP: 219/219 MP: 28/46
    30 | D        | Killed a meat berserker
    31 | D        | Noticed a bag of meat
    31 | D        | Killed a meat berserker
    31 | D        | Reached skill level 27 in Stealth
    31 | D        | Killed a bag of meat
    31 | D        | Killed a bag of meat
    32 | D        | Noticed a destroyer
    32 | D        | Noticed a bag of meat
    32 | D        | Noticed a large bag of meat
    32 | D        | Noticed a meat berserker
    32 | D        | Noticed a destroyer
    33 | D        | Noticed a meat berserker
    33 | D        | Noticed a bag of meat
    34 | D        | Noticed a large bag of meat
    34 | D        | Killed a destroyer
    34 | D        | Killed a meat berserker
    34 | D        | Reached skill level 27 in Invocations
    34 | D        | Killed a bag of meat
    34 | D        | Reached XP level 24. HP: 227/227 MP: 29/47
    34 | D        | Killed a bag of meat
    34 | D        | Killed a bag of meat
    34 | D        | Killed a bag of meat
    35 | D        | Noticed a bag of meat
    35 | D        | Noticed a bag of meat
    35 | D        | Noticed a bag of meat
    36 | D        | Noticed a bag of meat
    37 | D        | Noticed a bag of meat
    37 | D        | Killed a meat berserker
    37 | D        | Killed a meat berserker
    37 | D        | Killed a destroyer
    37 | D        | Killed a destroyer
    38 | D        | Noticed a meat berserker
    38 | D        | Noticed a meat berserker
    38 | D        | Noticed a bag of meat
    38 | D        | Noticed a bag of meat
    39 | D        | Noticed a large bag of meat
    39 | D        | Noticed a bag of meat
    39 | D        | Noticed a bag of meat
    40 | D        | Noticed a destroyer
    40 | D        | Noticed a bag of meat
    40 | D        | Noticed a bag of meat
    40 | D        | Noticed a meat berserker
    41 | D        | Killed a meat berserker
    41 | D        | Reached skill level 27 in Unarmed Combat
    41 | D        | Reached skill level 27 in Spellcasting
    41 | D        | Reached XP level 25. HP: 191/234 MP: 31/49
    41 | D        | Killed a bag of meat
    41 | D        | Killed a meat berserker
    41 | D        | Killed a bag of meat
    41 | D        | Reached skill level 27 in Conjurations
    41 | D        | Killed a destroyer
    41 | D        | Killed a bag of meat
    41 | D        | Killed a bag of meat
    41 | D        | Reached skill level 27 in Throwing
    41 | D        | Reached skill level 27 in Air Magic
    41 | D        | Killed a bag of meat
    42 | D        | Noticed a sculptor of flesh
    42 | D        | Noticed a bag of meat
    42 | D        | Noticed a bag of meat
    43 | D        | Killed a large bag of meat
    43 | D        | Reached XP level 26. HP: 189/242 MP: 31/50
    44 | D        | Killed a meat berserker
    45 | D        | Killed a bag of meat
    45 | D        | Killed a bag of meat
    45 | D        | Killed a meat berserker
    45 | D        | Killed a bag of meat
    46 | D        | Noticed a tyrant
    46 | D        | Killed a bag of meat
    46 | D        | Killed a large bag of meat
    46 | D        | Killed a bag of meat
    46 | D        | Killed a bag of meat
    46 | D        | Reached XP level 27. HP: 249/249 MP: 32/50
    46 | D        | Killed a destroyer
    47 | D        | Killed a bag of meat
    48 | D        | Killed a bag of meat
    48 | D        | Killed a bag of meat
    48 | D        | Killed a large bag of meat
    49 | D        | Noticed a bag of meat
    49 | D        | Killed a bag of meat
    49 | D        | Killed a bag of meat
    49 | D        | Killed a large bag of meat
    49 | D        | Killed a bag of meat
    50 | D        | Noticed an accursed
    50 | D        | Noticed a bag of meat
    51 | D        | Noticed a bag of meat
    51 | D        | Noticed a meat berserker
    51 | D        | Killed a bag of meat
    52 | D        | Killed a bag of meat
    52 | D        | Killed a large bag of meat
    52 | D        | Killed a bag of meat
    52 | D        | Killed a bag of meat
    53 | D        | Noticed a bag of meat
    53 | D        | Noticed a bag of meat
    53 | D        | Noticed a bag of meat
    54 | D        | Noticed a bag of meat
    54 | D        | Noticed a bag of meat
    54 | D        | Noticed a destroyer
    55 | D        | Noticed a meat berserker
    55 | D        | Killed a tyrant
    56 | D        | Noticed a bag of meat
    56 | D        | Noticed a bag of meat
    57 | D        | Noticed a bag of meat
    57 | D        | Noticed a tyrant
    57 | D        | Killed a bag of meat
    57 | D        | Killed a destroyer
    58 | D        | Noticed a tyrant
    58 | D        | Killed a meat berserker
    59 | D        | Killed a meat berserker
    59 | D        | Killed a bag of meat
    60 | D        | Noticed an accursed
    60 | D        | Killed a bag of meat
    60 | D        | Killed a tyrant
    61 | D        | Killed a bag of meat
    61 | D        | Killed an accursed
    61 | D        | Killed a sculptor of flesh
    62 | D        | Killed a bag of meat
    62 | D        | Killed a bag of meat
    63 | D        | Killed a bag of meat
    63 | D        | Killed a bag of meat
    65 | D        | Noticed a bag of meat
    65 | D        | Killed a bag of meat
    65 | D        | Killed a bag of meat
    65 | D        | Killed a bag of meat
    66 | D        | Killed a bag of meat
    67 | D        | Noticed a sculptor of flesh
    68 | D        | Killed a bag of meat
    70 | D        | Noticed The Servant
    70 | D        | Noticed an accursed
    71 | D        | Noticed a meat berserker
    72 | D        | Killed an accursed
    73 | D        | Noticed a meat berserker
    73 | D        | Killed a bag of meat
    74 | D        | Noticed a meat berserker
    78 | D        | Killed a tyrant
    82 | D        | Killed a meat berserker
    84 | D        | Killed a meat berserker
    87 | D        | Killed a sculptor of flesh
   221 | D        | Noticed a bag of meat
   221 | D        | Noticed a meat berserker
   221 | D        | Noticed a bag of meat
   221 | D        | Noticed a meat beast
   221 | D        | Noticed a fleshlord
   221 | D        | Noticed a fleshlord
   221 | D        | Noticed a fleshlord
   221 | D        | Noticed a fleshlord
   221 | D        | Noticed a scourge
   221 | D        | Noticed a lost soul
   221 | D        | Noticed a fleshlord
   221 | D        | Noticed a dread
   222 | D        | Noticed a scourge
   222 | D        | Noticed a fleshlord
   222 | D        | Killed a fleshlord
   222 | D        | Killed a fleshlord
   223 | D        | Noticed a meat berserker
   223 | D        | Killed a bag of meat
   223 | D        | Killed a meat berserker
   223 | D        | Killed a dread
   224 | D        | Noticed an observer
   224 | D        | Noticed a meat beast
   224 | D        | Killed a meat beast
   225 | D        | Killed a fleshlord
   225 | D        | Killed a bag of meat
   226 | D        | Noticed a meat beast
   226 | D        | Noticed a meat berserker
   227 | D        | Killed a meat beast
   228 | D        | Noticed a scourge
   228 | D        | Noticed a vile
   229 | D        | Noticed an observer
   230 | D        | Noticed a fleshlord
   230 | D        | Noticed a fleshlord
   230 | D        | Killed a scourge
   232 | D        | Killed a fleshlord
   234 | D        | Noticed a bag of meat
   234 | D        | Noticed a lost soul
   235 | D        | Noticed a bag of meat
   235 | D        | Noticed a lost soul
   236 | D        | Noticed a fleshlord
   237 | D        | Noticed a meat berserker
   238 | D        | Noticed an observer
   238 | D        | Noticed a meat berserker
   238 | D        | HP: 10/247 [scourge/bolt of poison (45)]
   239 | D        | Noticed an observer
   239 | D        | Noticed a dread
   239 | D        | Noticed an observer
   239 | D        | Noticed a vile
   239 | D        | Succumbed to a scourge's bolt of poison

Action                   |  1- 3 |  4- 6 |  7- 9 | 10-12 | 13-15 | 16-18 | 19-21 | 22-24 | 25-27 || total
-------------------------+-------+-------+-------+-------+-------+-------+-------+-------+-------++-------
Melee: Executioner's axe |     1 |       |       |     1 |     2 |     4 |     8 |     5 |    38 ||    59
 Abil: Dig               |       |       |       |       |       |       |       |       |    21 ||    21
  Use: Potion            |       |       |       |       |       |       |       |       |     1 ||     1
